 Dungeon Crawl Stone Soup version 0.31-a0-214-gb37851dbb3 (webtiles) character file.

Game seed: 13636446662793378332

1700 holysushi the Spear-Bearer (level 9, 0/64 HPs)
             Began as a Formicid Fighter on July 1, 2023.
             Was an Initiate of Gozag.
             Killed from afar by a steam dragon (21 damage)
             ... with a ball of steam
             ... on level 6 of the Dungeon.
             The game lasted 00:08:31 (6148 turns).

holysushi the Spear-Bearer (Formicid Fighter)       Turns: 6148, Time: 00:08:32

Health: 0/64       AC:  9    Str: 23    XL:     9   Next: 23%
Magic:  9/9        EV:  9    Int:  8    God:    Gozag
Gold:   368        SH:  5    Dex: 15    Spells: 8/8 levels left

rFire   . . .        d - +3 scythe (venom)
rCold   . . .        c - +0 buckler
rNeg    . . .        h - +0 chain mail
rPois   .            (helmet unavailable)
rElec   .            (no cloak)
rCorr   .            (no gloves)
SInv    +            (no boots)
Will    .....        (no amulet) Stlth
                     (no ring)
HPRegen 0.30/turn    (no ring)
MPRegen 0.11/turn

%: no passive effects
@: gold aura
A: permanent stasis, dig shafts and tunnels, antennae 3, four strong arms
a: Dig, Shaft Self, Renounce Religion, Potion Petition, Call Merchant, Bribe
Branch


You were on level 6 of the Dungeon.
You worshipped Gozag.
Gozag was aware of your devotion.
You visited 2 branches of the dungeon, and saw 7 of its levels.

You collected 405 gold pieces.
You paid 37 gold pieces to Gozag.

Inventory:

Hand Weapons
 a - a +1 heavy trident
 d - a +3 scythe of venom (weapon)
 o - the +7 sling of Diet Blood {heavy, rN+ rCorr Stlth+}
   (You found it on level 3 of the Dungeon)

   rN:        It protects you from negative energy.
   rCorr:     It protects you from acid and corrosion.
   Stlth:     It makes you more stealthy.
 r - a +0 orcbow
Armour
 b - a +0 scale mail
 c - a +0 buckler (worn)
 h - a +0 chain mail (worn)
Jewellery
 e - a ring of protection from cold
 k - a ring of ice
Wands
 f - a wand of light (6)
Scrolls
 g - 2 scrolls of immolation
 p - a scroll of fear {unknown}
 q - 3 scrolls of identify
 u - a scroll of vulnerability
Potions
 i - a potion of mutation
 j - 4 potions of curing {unknown}
 l - a potion of brilliance {unknown}
 m - a potion of enlightenment {unknown}
 n - 2 potions of attraction {unknown}
 s - a potion of invisibility {unknown}
 t - a potion of degeneration {unknown}


   Skills:
 - Level 3.2 Fighting
 + Level 10.8 Polearms
 - Level 3.2 Armour
 - Level 3.0 Dodging
 - Level 4.0 Shields


You had 8 spell levels left.
You didn't know any spells.
Your spell library contained the following spells:

 Spells                   Type           Power      Damage    Failure   Level
 Ensorcelled Hibernation  Hex/Ice        0%         N/A       99%         2
 Passwall                 Tmut/Erth      0%         N/A       99%         2
 Static Discharge         Conj/Air       0%         2-2/arc   99%         2
 Summon Guardian Golem    Hex/Summ       0%         N/A       100%        3
 Airstrike                Air            0%         2d(0-16)  100%        4
 Summon Lightning Spire   Summ/Air       0%         N/A       100%        4
 Orb of Destruction       Conj           0%         9d5       100%        7
 Spellforged Servitor     Conj/Summ      0%         N/A       100%        7
 Swiftness                Air            Unusable   N/A       N/A         3

Dungeon Overview and Level Annotations

Branches:
Dungeon (6/15) Zot: 26360  Temple (1/1) D:4 Zot: 5620

Altars:
Cheibriados
Dithmenos
Elyvilon
Fedhas
Gozag
Kikubaaqudgha
Okawaru
Qazlal
Ru
Sif Muna
Trog
Uskayaw
Vehumet
Xom
Yredelemnul
Zin
The Shining One

Shops:
D:2 !   D:3 [

Annotations:
D:4 2 runed translucent doors, GoodGuyCap's ghost, amateur HORe


Innate Abilities, Weirdness & Mutations

You cannot be hasted, slowed, berserked, paralysed or teleported.
You can dig through walls and to a lower floor.
You have a pair of large antennae on your head. (SInv)
Your four strong arms can wield two-handed weapons with a shield.


Message History

You now have 368 gold pieces (gained 7).
A steam dragon comes into view.
The steam dragon hisses angrily.
A steam dragon is nearby!
An iguana comes into view.
The steam dragon breathes steam at you. The ball of steam hits you!!
The iguana hisses angrily.
You slash the iguana!
The iguana is poisoned.
The iguana is heavily wounded.
You block the iguana's attack.
Reach: d) +3 scythe (venom)
Press: ? - help, Dir - move target, f - steam dragon
Aim: a steam dragon (about 37% to evade your +3 scythe of venom)
You reach to attack!
You hit the steam dragon.
The steam dragon is poisoned.
The steam dragon is lightly wounded.
You block the iguana's attack.
Reach: d) +3 scythe (venom)
Press: ? - help, Dir - move target, f/p - steam dragon
Aim: a steam dragon (moderately wounded, very poisoned, about 37% to evade your +3 scythe of venom)
The iguana is in the way.
You puncture the iguana!
You kill the iguana!
The steam dragon breathes steam at you. The ball of steam hits you!!
Reach: d) +3 scythe (venom)
Press: ? - help, Dir - move target, f/p - steam dragon
Aim: a steam dragon (steam, moderately wounded, very poisoned, catching its breath, about 37% to evade your +3 scythe of venom)
You reach to attack!
You barely miss the steam dragon.
The steam dragon is moderately wounded.
You hit the steam dragon.
The steam dragon is heavily wounded.
The steam dragon breathes steam at you. The ball of steam hits you!
You hit the steam dragon.
The steam dragon looks as sick as possible!
The steam dragon is heavily wounded.
The steam dragon breathes steam at you. The ball of steam hits you!!
You die...
Your body crumbles into a pile of gold.

###### #....#
###....#############
###...................
....................
#.#..§..#.§....#.####
###..<..§§§§.#§#.#l....
...........#@D.#D#...#####
#####.#....(...#..........
#.#####....#.........# #
#....#.####.#..# #......#
# #.#..#.# #......#
###...#(.. #...#....


You could see a steam dragon (extremely poisoned, catching breath).

Vanquished Creatures
  A hornet (D:5)
  Prince Ribbit (D:5)
  Sigmund (D:5)
  A water moccasin (D:5)
  An ice beast (D:5)
  2 ogres (D:5)
  2 centaurs
  A wight (D:5)
  2 hounds (D:5)
  A gnoll bouda (D:6)
  2 jellies
  4 orc wizards
  A sleepcap (D:4)
  2 iguanas
  6 gnolls (D:6)
  9 adders
  A shadow imp (D:6)
  A white imp (D:6)
  A dart slug (D:2)
  8 orcs
  7 ball pythons
  3 bats
  6 endoplasms
  4 giant cockroaches
  9 goblins
  5 hobgoblins
  4 jackals (D:1)
  5 quokkas
  2 frilled lizards
  8 kobolds
  3 rats (D:1)
104 creatures vanquished.

Notes
Turn   | Place    | Note
-------+----------+-------------------------------------------
     0 | D:1      | holysushi the Formicid Fighter began the quest for the Orb.
     0 | D:1      | Reached XP level 1. HP: 18/18 MP: 1/1
   100 | D:1      | Reached XP level 2. HP: 22/24 MP: 2/2
   199 | D:1      | Reached skill level 3 in Polearms
   286 | D:1      | Reached XP level 3. HP: 29/29 MP: 3/3
  1061 | D:2      | Reached skill level 1 in Dodging
  1204 | D:2      | Reached XP level 4. HP: 32/34 MP: 4/4
  1204 | D:2      | Found Bunwye's Distillery.
  1667 | D:3      | Identified the +7 sling of Diet Blood {heavy, rN+ rCorr
                  | Stlth+}
  1717 | D:2      | Reached skill level 4 in Polearms
  1863 | D:3      | Reached XP level 5. HP: 38/41 MP: 5/5
  2309 | D:3      | Found Socying's Antique Armour Emporium.
  2861 | D:4      | Found a runed translucent door.
  2862 | D:4      | Noticed GoodGuyCap's ghost (amateur HORe)
  3029 | D:4      | Found a runed translucent door.
  3200 | D:4      | Reached XP level 6. HP: 47/47 MP: 6/6
  3714 | D:4      | Reached skill level 5 in Polearms
  3851 | D:4      | Found a staircase to the Ecumenical Temple.
  3860 | Temple   | Entered the Ecumenical Temple
  4166 | Temple   | Became a worshipper of Gozag Ym Sagoz the Greedy
  4317 | D:5      | Entered Level 5 of the Dungeon
  4317 | D:5      | Noticed an ice beast
  4419 | D:5      | Killed an ice beast
  4420 | D:5      | Reached skill level 6 in Polearms
  4420 | D:5      | Reached XP level 7. HP: 19/52 MP: 7/7
  4573 | D:5      | Noticed Sigmund
  4582 | D:5      | Killed Sigmund
  4583 | D:5      | Reached skill level 7 in Polearms
  4596 | D:5      | Noticed a hornet
  4609 | D:5      | Killed a hornet
  4610 | D:5      | Reached skill level 8 in Polearms
  4610 | D:5      | Reached XP level 8. HP: 34/58 MP: 8/8
  5007 | D:5      | Noticed Prince Ribbit
  5010 | D:5      | Killed Prince Ribbit
  5011 | D:5      | Reached skill level 9 in Polearms
  5387 | D:5      | Reached skill level 10 in Polearms
  5387 | D:5      | Reached XP level 9. HP: 51/64 MP: 9/9
  5607 | D:6      | Found a shadowy altar of Dithmenos.
  5757 | D:5      | HP: 3/63 [poisoned by a gnoll sergeant]
  6148 | D:6      | Killed from afar by a steam dragon

Illustrated notes

Levels and vault maps discovered:
D:1:      wander_arrival_lonely_grave, layout_basic
D:2:      layout_basic, serial_shops, nicolae_shop_industrial_runoff,
          kennysheep_generic_room_9
D:3:      layout_loops_ring, serial_shops, nicolae_shop_pleasant_corner_grove,
          grunt_decor_clamped, chequers_serial_rivers_room_a,
          saegor_snake_ambush
D:4:      layout_basic, temple_green, ebering_ghost_sewer_f
D:5:      layout_layer_cave, minivault_11, minmay_misc_feat_roman, uniq_sigmund,
          uniq_prince_ribbit1
D:6:      layout_basic, mainiacjoe_overflow_boulevard
Temple:   minmay_temple_bridge_d

Skill      XL: |  1  2  3  4  5  6  7  8 |
---------------+-------------------------+-----
Polearms       | 3 4 6 8 10 | 10.8
Dodging        | 1 2 3 |  3.0
Fighting       | |  3.2
Armour         | |  3.2
Shields        | |  4.0

Action                     |  1- 3 |  4- 6 |  7- 9 || total
---------------------------+-------+-------+-------++-------
  Melee: Trident           |   126 |   165 |     2 ||   293
         Halberd           |       |       |    81 ||    81
Ability: Dig               |     1 |       |     1 ||     2
    Use: Scroll            |       |     9 |       ||     9
         Potion            |       |       |     1 ||     1
 Armour: Scale mail        |    46 |    12 |       ||    58
         Chain mail        |       |    79 |    17 ||    96
  Dodge: Dodged            |    49 |    56 |    24 ||   129
  Block: Buckler           |    22 |    47 |    24 ||    93

Table legend: (Time is in decaauts)
 A = Elapsed time spent in this place.
 B = Non-inter-level travel time spent in this place.
 C = Inter-level travel time spent in this place.
 D = Time resting spent in this place.
 E = Time spent auto-exploring this place.
 F = Levels seen in this place.
 G = Mean time per level.
                   A        B        C        D        E       F      G
               +--------+--------+--------+--------+--------+-----+--------+
         Total |   6227 |   5822 |    405 |    989 |   3596 |   7 |  889.6 |
       Dungeon |   5847 |   5586 |    261 |    989 |   3383 |   6 |  974.5 |
        Temple |    379 |    235 |    144 |      0 |    213 |   1 |  379.0 |
               +--------+--------+--------+--------+--------+-----+--------+

Top non-repeatable levels by time:
     D:5: 1600 daAuts
     D:4: 1177 daAuts
     D:3: 1044 daAuts
     D:1: 939 daAuts
     D:2: 894 daAuts
  Temple: 379 daAuts
     D:6: 190 daAuts
